[Event "Team 45 45 League T39"]
[Site "Internet Chess Club"]
[Date "2008.11.10"]
[Round "3"]
[White "Yedixon"]
[Black "ghostfire"]
[Result "1-0"]
[WhiteElo "1870"]
[BlackElo "1812"]
[Opening "Bird's opening"]
[ECO "A02"]
[Time "21:04:20"]
[TimeControl "2700+45"]

1. f4 c5 2. Nf3 g6 3. e4 Bg7 4. Bc4 Nc6 5. O-O a6 6. a4 d6 7. d3 Bg4 8. Bxf7+
Kxf7 9. Ng5+ Ke8 10. Qxg4 Nf6 11. Qe6 Rf8 12. Nxh7 Nd4 13. Nxf6+ Bxf6 14. Qc4 b5
15. axb5 axb5 16. Rxa8 Qxa8 17. Qd5 Qxd5 18. exd5 Nxc2 19. Nc3 b4 20. Ne4 Bd4+
21. Kh1 Ne3 22. Bxe3 Bxe3 23. g3 b3 24. Re1 Bd4 25. Nxd6+ Kd7 26. Nc4 Rf5 27.
Kg2 g5 28. Re4 gxf4 29. Rxf4 Rxf4 30. gxf4 e6 31. dxe6+ Kxe6 32. Kf3 Kf5 33. h4
Bg7 34. Nd6+ Ke6 35. Ne4 Kd5 36. Nd2 Bxb2 37. Nxb3 c4 38. dxc4+ Kxc4 39. Nd2+
Kd5 40. Ne4 Ke6 41. Kg4 Kf7 42. h5 Ba1 43. Kg5 Bb2 44. f5 Bc1+ 45. Kg4 Bb2 46.
h6 Bc1 47. Ng5+ Kg8 48. f6 Bb2 49. h7+ Kh8 50. f7 Ba3 51. Kf5 Bb4 52. Kg6 Ba3
53. f8=Q+ Bxf8 54. Nf7# {Black checkmated} 1-0

[Event "Team 45 45 League T39"]
[Site "Internet Chess Club"]
[Date "2008.11.06"]
[Round "3"]
[White "NESKAYA"]
[Black "Razorbackchess"]
[Result "0-1"]
[WhiteElo "1622"]
[BlackElo "1756"]
[Opening "Réti opening"]
[ECO "A05"]
[Time "19:01:28"]
[TimeControl "2700+45"]

1. Nf3 Nf6 2. b3 g6 3. Bb2 Bg7 4. g3 O-O 5. Bg2 d5 6. h3 c5 7. d4 Nc6 8. dxc5
Qa5+ 9. Qd2 Qxc5 10. O-O Bf5 11. e3 Qxc2 12. Qxc2 Bxc2 13. Nbd2 Bd3 14. Rfe1 Ba6
15. a3 Nd7 16. Bxg7 Kxg7 17. b4 e6 18. Nb3 b6 19. Nbd4 Nxd4 20. Nxd4 Bc4 21.
Rac1 Rac8 22. Bf1 Ne5 23. f4 Bxf1 24. Rxf1 Nc4 25. Rc3 Nd2 26. Rfc1 Rxc3 27.
Rxc3 Nc4 28. e4 a6 29. exd5 exd5 30. Kf2 Re8 31. Nc6 Rc8 32. Ne7 Rd8 33. Nxd5
Nd2 34. Rc2 Rxd5 35. Ke3 Nf1+ 36. Kf2 Rd2+ 37. Rxd2 Nxd2 38. Ke3 Nc4+ 39. Kd4
Nxa3 {White resigns} 0-1

[Event "Team 45 45 League T39"]
[Site "Internet Chess Club"]
[Date "2008.11.09"]
[Round "3"]
[White "A-Ru"]
[Black "Zebbile"]
[Result "1/2-1/2"]
[WhiteElo "1982"]
[BlackElo "2005"]
[Opening "Pirc: classical (two knights) system"]
[ECO "A48"]
[Time "13:00:05"]
[TimeControl "2700+45"]

1. d4 Nf6 2. Nf3 g6 3. Nc3 Bg7 4. e4 d6 5. Be3 c6 6. Qd2 O-O 7. Bh6 Qa5 8. Bxg7
Kxg7 9. O-O-O b5 10. Kb1 b4 11. e5 dxe5 12. dxe5 bxc3 13. exf6+ exf6 14. Qxc3
Qxc3 15. bxc3 Be6 16. Nd4 Bc8 17. Be2 a5 18. Bf3 Ra6 19. Ka1 c5 20. Nb5 Nc6 21.
Nc7 Ra7 22. Nb5 Ra6 23. Nc7 Ra7 24. Nb5 Ra6 {Game drawn by repetition} 1/2-1/2

[Event "Team 45 45 League T39"]
[Site "Internet Chess Club"]
[Date "2008.11.09"]
[Round "3"]
[White "pishd"]
[Black "viking99"]
[Result "1/2-1/2"]
[WhiteElo "1806"]
[BlackElo "1789"]
[Opening "Trompowsky attack (Ruth, Opocenský opening)"]
[ECO "A45"]
[Time "12:00:13"]
[TimeControl "2700+45"]

1. d4 Nf6 2. Bg5 e6 3. Nd2 Be7 4. c3 d5 5. e3 Nbd7 6. f4 h6 7. Bh4 c5 8. Ngf3
Ng4 9. Bxe7 Qxe7 10. Qe2 c4 11. h3 Ngf6 12. g4 b5 13. e4 Bb7 14. e5 Ne4 15. Qg2
a5 16. a3 Nb6 17. g5 b4 18. axb4 axb4 19. Rxa8+ Bxa8 20. Nb1 bxc3 21. bxc3 Na4
22. Qc2 Bc6 23. gxh6 Rxh6 24. Rg1 g6 25. Rg4 Qd8 26. Ng5 Nxg5 27. Rxg5 Qa5 28.
Kd2 Nb6 29. Qb2 Nd7 30. Qa3 Qb5 31. Qb4 Qxb4 32. cxb4 Nb6 33. Nc3 Rh4 34. Rg4
Rh8 35. b5 Bd7 36. Rg1 Ke7 37. Bg2 Ra8 38. Bf3 Ra3 39. Bg4 Rb3 40. Rb1 Rxb1 41.
Nxb1 Bxb5 42. Kc3 Ba4 43. Kb4 Bc2 44. Na3 Be4 45. h4 Nd7 46. h5 gxh5 47. Bxh5
Nf8 48. Nb5 Nh7 49. Nd6 Bg6 50. Bd1 f6 51. Kc3 fxe5 52. dxe5 Nf8 53. Be2 Bh7 54.
Bd1 Bd3 55. Bh5 Nd7 56. Kd4 Nb8 57. Kc3 Nc6 58. Nb5 Bf1 59. Bg4 Bd3 60. Nd4 Nd8
61. Bh5 Nf7 62. Bg4 Nd8 63. Bh5 Bf5 64. Be2 Nf7 65. Bxc4 dxc4 66. Kxc4 Nh8 67.
Nxe6 Kxe6 68. Kd4 Ng6 69. Kc5 Nxf4 70. Kd4 Nd5 71. Kc5 Kxe5 72. Kc6 Ne3 73. Kc5
Be4 74. Kb4 Kd4 75. Kb3 Bd5+ 76. Kb4 Bc4 77. Ka3 Kc3 78. Ka4 Nd5 79. Ka3 Nc7 80.
Ka4 Ba2 81. Ka3 Bb3 {White stalemated} 1/2-1/2

[Event "Team 45 45 League T39"]
[Site "Internet Chess Club"]
[Date "2008.11.08"]
[Round "3"]
[White "Kingofknights"]
[Black "Bill-W"]
[Result "0-1"]
[WhiteElo "1795"]
[BlackElo "1715"]
[Opening "Nimzo-Indian: Fischer variation"]
[ECO "E43"]
[Time "12:00:36"]
[TimeControl "2700+45"]

1. d4 Nf6 2. c4 e6 3. Nc3 Bb4 4. e3 b6 5. Qc2 Nc6 6. Bd3 O-O 7. a3 Bxc3+ 8. Qxc3
Re8 9. e4 e5 10. d5 Nd4 11. Ne2 c5 12. dxc6 dxc6 13. Bg5 c5 14. Ng3 h6 15. Bd2
Bb7 16. f3 Qd7 17. Rd1 Rad8 18. Be3 Nh7 19. O-O Nf8 20. b4 Nfe6 21. Bb1 cxb4 22.
Qxb4 Qc6 23. Rc1 Rd7 24. Kf2 Red8 25. Rfd1 Rc8 26. Ba2 Nc2 27. Qc3 Nxe3 28. Qxe3
Nc5 29. Ne2 Rcd8 30. Nc3 Nd3+ 31. Rxd3 Rxd3 32. Qe1 Rd2+ 33. Kf1 Qg6 34. Qg3
Qxg3 35. hxg3 R8d3 36. Bb1 Rxc3 37. Rxc3 Rd1+ 38. Ke2 Rxb1 39. c5 Ba6+ 40. Kf2
Rb2+ 41. Kg1 Rb1+ 42. Kh2 bxc5 43. Rxc5 Rb5 44. Rc7 Rb7 45. Rc5 f6 46. g4 Rd7
47. Kg3 Kh7 48. Kf2 Bd3 49. Ke3 Bb1 50. Rd5 Rxd5 51. exd5 Ba2 52. Ke4 Kg6 53. g3
Kg5 54. f4+ exf4 55. gxf4+ Kxg4 56. f5 Bxd5+ 57. Kxd5 h5 58. Kc6 h4 59. Kb7 h3
60. Kxa7 h2 61. a4 h1=Q 62. a5 Kxf5 63. a6 g5 64. Kb8 g4 65. a7 g3 {White
resigns} 0-1

[Event "Team 45 45 League T39"]
[Site "Internet Chess Club"]
[Date "2008.11.09"]
[Round "3"]
[White "scottrugby"]
[Black "Marichan"]
[Result "0-1"]
[WhiteElo "1533"]
[BlackElo "1721"]
[Opening "Pirc: classical, h3 system"]
[ECO "B08"]
[Time "16:08:19"]
[TimeControl "2700+45"]

1. e4 d6 2. d4 Nf6 3. Nc3 g6 4. Nf3 Bg7 5. h3 c6 6. Be3 b5 7. a3 Nbd7 8. Bd3 O-O
9. O-O Bb7 10. Re1 a6 11. Bf4 c5 12. e5 Bxf3 13. Qxf3 dxe5 14. dxe5 Ne8 15. e6
fxe6 16. Rxe6 Ne5 17. Qe4 Nxd3 18. cxd3 Nf6 19. Qe3 b4 20. Ne2 Nd5 21. Qxc5 Nxf4
22. Nxf4 Rxf4 23. Rxe7 Bd4 24. Qg5 Rxf2 25. Kh1 Bf6 26. Qe3 Bxe7 27. Qxf2 bxa3
28. bxa3 Qd5 29. Qa2 Qxa2 30. Rxa2 Rd8 31. a4 Rxd3 32. Kg1 Ra3 33. Rxa3 Bxa3 34.
Kf2 Bb4 35. Ke3 a5 36. Ke4 Kf7 37. g4 Ke6 38. h4 h6 39. h5 g5 40. Kd4 Be1 41.
Ke4 Bf2 42. Kd3 Kd5 43. Ke2 Bd4 44. Kd3 Kc5 45. Ke4 Bc3 {White resigns} 0-1

[Event "Team 45 45 League T39"]
[Site "Internet Chess Club"]
[Date "2008.11.06"]
[Round "3"]
[White "chess9397"]
[Black "avila"]
[Result "1-0"]
[WhiteElo "1876"]
[BlackElo "1693"]
[Opening "French: Rubinstein variation"]
[ECO "C03"]
[Time "19:33:57"]
[TimeControl "2700+45"]

1. e4 e6 2. d4 d5 3. Nd2 dxe4 4. Nxe4 Nd7 5. Nf3 Ngf6 6. Bg5 Be7 7. Nxf6+ Nxf6
8. c3 O-O 9. Bd3 h6 10. Bh4 Nd5 11. Bxe7 Qxe7 12. O-O Bd7 13. Re1 Nf6 14. Ne5
Rad8 15. Qb3 Bc8 16. Rad1 c6 17. Qa4 a6 18. Qc2 Nd7 19. f4 Nxe5 20. fxe5 c5 21.
Qe2 f5 22. exf6 Rxf6 23. Qe5 cxd4 24. cxd4 b5 25. Be4 Qd6 26. Rc1 Qxe5 27. dxe5
Rf7 28. Bf3 Rfd7 29. Bg4 Re7 30. Rc6 Kh7 31. Rec1 Bb7 32. Rxe6 Rxe6 33. Bxe6 Rd2
34. Bf5+ Kh8 35. Rc7 Rxg2+ 36. Kf1 Rg5 37. Bd3 Bg2+ 38. Kf2 g6 39. e6 Bd5 40. e7
Bf7 41. Rc8+ Kg7 42. e8=Q Bxe8 43. Rxe8 Rd5 44. Ke3 Rh5 45. Re6 Rxh2 46. Rxg6+
Kf7 47. Rxa6 Rxb2 48. Ra5 b4 49. Ra4 h5 50. Bc4+ Kf6 51. Bb3 h4 52. Rxb4 h3 53.
Rh4 h2 54. Kf3 Ke5 55. Kg3 Kd6 56. Rxh2 Rxh2 57. Kxh2 Kc5 58. Kg3 Kb4 59. Kf3
Ka3 60. Ke3 Kb4 61. Kd3 Ka5 62. Kc4 Kb6 63. Kb4 Ka6 64. a4 Kb6 65. a5+ Ka6 66.
Bc4+ Ka7 67. Kb5 Kb7 68. Bd5+ Ka7 69. a6 Kb8 70. Kb6 Kc8 71. a7 {Black resigns}
1-0

[Event "Team 45 45 League T39"]
[Site "Internet Chess Club"]
[Date "2008.11.10"]
[Round "3"]
[White "vkpanch"]
[Black "chess9793"]
[Result "1-0"]
[WhiteElo "1763"]
[BlackElo "1767"]
[Opening "Sicilian: accelerated fianchetto, modern variation with Bc4"]
[ECO "B35"]
[Time "21:31:01"]
[TimeControl "2700+45"]

1. e4 c5 2. Nf3 Nc6 3. d4 cxd4 4. Nxd4 g6 5. Nc3 Bg7 6. Be3 Nf6 7. Bc4 O-O 8. f3
Qb6 9. Rb1 Nxe4 10. fxe4 Bxd4 11. Nd5 Qa5+ 12. b4 Nxb4 13. Nxe7+ Kg7 14. Bxd4+
f6 15. Bc3 Qc5 16. Bxb4 Qxc4 17. Qd5 Qxd5 18. Nxd5 Re8 19. O-O Rxe4 20. Nxf6 Rc4
21. Ne8+ Kh6 22. Bd2+ g5 23. Rf6+ Kh5 24. Ng7+ Kg4 25. h3+ Kh4 26. Be1# {Black
checkmated} 1-0

[Event "Team 45 45 League T39"]
[Site "Internet Chess Club"]
[Date "2008.11.09"]
[Round "3"]
[White "soccerisfun"]
[Black "Duguesclin"]
[Result "0-1"]
[WhiteElo "1354"]
[BlackElo "1656"]
[Opening "French: Tarrasch, open variation"]
[ECO "C07"]
[Time "13:03:03"]
[TimeControl "2700+45"]

1. e4 e6 2. d4 d5 3. Nd2 c5 4. c3 Nc6 5. Ngf3 cxd4 6. cxd4 Bb4 7. Qc2 dxe4 8.
Qxe4 Nf6 9. Qd3 O-O 10. a3 Ba5 11. b4 Bb6 12. Nb3 h6 13. Be3 Qe7 14. Nc5 Rd8 15.
Rc1 e5 16. Be2 Bxc5 17. bxc5 e4 18. Qd2 exf3 19. gxf3 Bf5 20. Rg1 Kh7 21. Kd1
Rd7 22. Bd3 Nxd4 23. Bxd4 Rxd4 24. Bxf5+ g6 25. Bxg6+ fxg6 26. Qxd4 Rd8 27. Qxd8
Qxd8+ 28. Ke1 Qa5+ 29. Kf1 Qxa3 30. Kg2 Nd5 31. c6 bxc6 32. Rxc6 Nf4+ {White
resigns} 0-1

[Event "Team 45 45 League T39"]
[Site "Internet Chess Club"]
[Date "2008.11.08"]
[Round "3"]
[White "AMAV"]
[Black "Beetlejuice"]
[Result "1-0"]
[WhiteElo "2042"]
[BlackElo "1913"]
[Opening "Queen's pawn game, Chigorin variation"]
[ECO "D02"]
[Time "15:08:27"]
[TimeControl "2700+45"]

1. d4 d5 2. Nf3 Nc6 3. e3 Bg4 4. Be2 e6 5. O-O Bd6 6. c4 Nf6 7. b3 O-O 8. Nc3
dxc4 9. Bxc4 a6 10. h3 Bh5 11. Bb2 e5 12. dxe5 Bxf3 13. Qxf3 Nxe5 14. Qe2 Nxc4
15. Qxc4 Qe7 16. Nd5 Nxd5 17. Qxd5 c6 18. Qd4 f6 19. Rad1 Rad8 20. Qc4+ Kh8 21.
Rd3 Be5 22. Bxe5 Qxe5 23. Rfd1 Qe7 24. Rd4 h6 25. Kf1 Rfe8 26. Ke2 Rxd4 27. Qxd4
Kg8 28. Rd3 Kf8 29. Kd2 Qe5 30. Kc3 Kf7 31. a4 Qe7 32. Qd7 Kf8 33. Qxe7+ Rxe7
34. Kc4 Ke8 35. Kc5 Rf7 36. Kb6 h5 37. e4 Re7 38. f3 Rf7 39. a5 Re7 40. b4 h4
41. Rd4 g5 42. Rd6 Rf7 43. e5 fxe5 44. Re6+ Kd7 45. Rxe5 Kd6 46. Rxg5 Rf4 47.
Rg4 Rf5 48. Kxb7 {Black resigns} 1-0

[Event "Team 45 45 League T39"]
[Site "Internet Chess Club"]
[Date "2008.11.07"]
[Round "3"]
[White "Beddathanme"]
[Black "Gregorio"]
[Result "0-1"]
[WhiteElo "1851"]
[BlackElo "2070"]
[Opening "Bishop's opening: Philidor counter-attack"]
[ECO "C23"]
[Time "22:06:54"]
[TimeControl "2700+45"]

1. e4 e5 2. Bc4 c6 3. d4 d5 4. exd5 cxd5 5. Bb5+ Nc6 6. dxe5 Qa5+ 7. Nc3 Bb4 8.
Bxc6+ bxc6 9. Ne2 Ba6 10. Bd2 Qc7 11. f4 Rb8 12. a3 Bc5 13. b4 Bb6 14. Na4 Ne7
15. Nxb6 Qxb6 16. Bc3 Nf5 17. Nd4 Nh4 18. Qg4 c5 19. Qxh4 cxd4 20. Bb2 Qg6 21.
O-O-O d3 22. Qf2 dxc2 23. Rxd5 Bb7 24. Rd6 Qe4 25. Re1 Qc4 26. Qxc2 Qxf4+ 27.
Kb1 O-O 28. g3 Qf3 29. Rd7 Rfc8 30. Qd3 Qf2 31. Rd1 Qb6 32. Qd6 Be4+ 33. Ka1
Qxd6 34. R1xd6 a5 35. e6 Bf5 36. Rxf7 Bg6 37. Rxg7+ Kf8 38. e7+ Ke8 39. Rd8+
Rxd8 40. Rg8+ Kxe7 {White resigns} 0-1

[Event "Team 45 45 League T39"]
[Site "Internet Chess Club"]
[Date "2008.11.09"]
[Round "3"]
[White "Ortega"]
[Black "SlimeDog2"]
[Result "0-1"]
[WhiteElo "1962"]
[BlackElo "2113"]
[Opening "Grünfeld: 5.Bg5"]
[ECO "D91"]
[Time "14:01:16"]
[TimeControl "2700+45"]

1. d4 Nf6 2. c4 g6 3. Nc3 d5 4. Nf3 Bg7 5. Bg5 Ne4 6. Nxd5 Nxg5 7. e3 Nxf3+ 8.
gxf3 c5 9. dxc5 e6 10. Nc3 Bxc3+ 11. bxc3 Qxd1+ 12. Rxd1 Bd7 13. h4 Bc6 14. Ke2
Nd7 15. h5 Ke7 16. Rd4 Nxc5 17. Rdh4 g5 18. Rg4 h6 19. e4 Rad8 20. Ke3 f5 21.
exf5 exf5 22. Rd4 Kf6 23. Bg2 Ne6 {White resigns} 0-1

[Event "Team 45 45 League T39"]
[Site "Internet Chess Club"]
[Date "2008.11.09"]
[Round "3"]
[White "GeofDeV"]
[Black "PopolVuh"]
[Result "1/2-1/2"]
[WhiteElo "2057"]
[BlackElo "2016"]
[Opening "Benoni defense, Hromodka system"]
[ECO "A56"]
[Time "14:00:21"]
[TimeControl "2700+45"]

1. d4 Nf6 2. c4 c5 3. d5 d6 4. Nc3 g6 5. e4 Bg7 6. Nf3 O-O 7. Bd3 e6 8. O-O exd5
9. exd5 Bg4 10. h3 Bxf3 11. Qxf3 a6 12. Bg5 h6 13. Bd2 Nbd7 14. Bf4 Ne8 15. Qe3
Kh7 16. Rac1 Ne5 17. Be2 Nc7 18. a4 Qd7 19. Qd2 Rae8 20. Bh2 f5 21. f4 Nf7 22.
Bg3 Bxc3 23. Rxc3 Qxa4 24. Bd1 Qb4 25. Re1 b5 26. b3 Rxe1+ 27. Bxe1 Re8 28. Re3
Qxd2 29. Bxd2 g5 30. Bc2 Kg6 31. g4 gxf4 32. Bxf5+ Kf6 33. Rxe8 Nxe8 34. Bxf4
bxc4 35. bxc4 Ne5 36. Bxh6 Nxc4 37. Bd3 Ne5 38. Bxa6 Nc7 39. Bb7 Nd3 40. Bf8 Ke5
41. h4 Ne8 42. Bc6 Nc7 43. Be7 Nf4 44. h5 Ncxd5 45. Bxd5 Nxd5 46. Bf8 Kf4 47. h6
Nf6 48. Bxd6+ {Game drawn by mutual agreement} 1/2-1/2

[Event "Team 45 45 League T39"]
[Site "Internet Chess Club"]
[Date "2008.11.10"]
[Round "3"]
[White "VICODIN"]
[Black "lluisdp"]
[Result "1/2-1/2"]
[WhiteElo "1878"]
[BlackElo "2021"]
[Opening "Polish (Sokolsky) opening"]
[ECO "A00"]
[Time "17:00:15"]
[TimeControl "2700+45"]

1. b4 d5 2. Bb2 e6 3. Nf3 Nf6 4. a3 b6 5. e3 Bd6 6. Nc3 Nbd7 7. Nb5 Be7 8. Bd3
O-O 9. O-O Bb7 10. Be5 Nxe5 11. Nxe5 c6 12. Nd4 Rc8 13. f4 c5 14. bxc5 bxc5 15.
Rb1 cxd4 16. Rxb7 dxe3 17. dxe3 Bxa3 18. Qd2 Bc5 19. Rfb1 Rc7 20. R7b5 Bb6 21.
Rd1 Nd7 22. Nxd7 Qxd7 23. Rb3 Qd6 24. Kh1 Rfc8 25. c4 Rc5 26. cxd5 Rxd5 27. Qe2
Qc7 28. e4 Rc5 29. g3 Rc1 30. Kg2 Rxd1 31. Qxd1 Qc5 32. e5 Qf2+ 33. Kh3 Rd8 34.
Qh1 g6 35. Qg2 Qe1 36. Qc2 Kg7 37. Rb1 Qe3 38. Rb3 Qf3 39. Ba6 Qd5 40. Rd3 Qe4
41. Rd2 Qa8 42. Rxd8 Qxd8 43. Qd3 Qxd3 44. Bxd3 f6 45. exf6+ Kxf6 46. Ba6 e5 47.
fxe5+ Kxe5 48. Kg4 Be3 49. Kf3 Kd4 50. Ke2 h5 51. h4 Bg1 52. Kf1 Be3 53. Ke2 Bc1
54. Bd3 g5 55. Bg6 gxh4 56. gxh4 Bf4 57. Kf3 Bh6 58. Bxh5 a5 59. Be8 {Game drawn
by mutual agreement} 1/2-1/2

[Event "Team 45 45 League T39"]
[Site "Internet Chess Club"]
[Date "2008.11.08"]
[Round "3"]
[White "trophyking"]
[Black "xakelari"]
[Result "1-0"]
[WhiteElo "2296"]
[BlackElo "2066"]
[Opening "English: Neo-Catalan"]
[ECO "A13"]
[Time "15:30:19"]
[TimeControl "2700+45"]

1. Nf3 Nf6 2. c4 e6 3. g3 d5 4. Bg2 c5 5. O-O Nc6 6. d4 Be7 7. cxd5 Nxd5 8. dxc5
Bxc5 9. a3 a6 10. Qc2 Be7 11. Rd1 Qb6 12. e4 Nf6 13. Nbd2 Qc5 14. Qxc5 Bxc5 15.
e5 Ng4 16. Ne4 Bb6 17. Bf4 h5 18. h3 Nh6 19. Nd6+ Ke7 20. Rac1 Nf5 21. Bg5+ f6
22. exf6+ gxf6 23. Nxf5+ exf5 24. Bf4 Be6 25. Nh4 Rhc8 26. Re1 Kf7 27. Bf3 Nd8
28. Bxh5+ Kg7 29. Bf3 Kf7 30. Ng2 Bd4 31. b4 Bb2 32. Rxc8 Rxc8 33. a4 Bc3 34.
Rb1 Nc6 35. b5 Na5 36. bxa6 bxa6 37. Rb6 Bb3 38. Ne3 Bxa4 39. Nxf5 Rd8 40. Nd6+
Ke7 41. Rxa6 Bc2 42. Ra7+ Ke6 43. Rc7 Be5 44. Bxe5 fxe5 45. Rxc2 Rxd6 46. Bg4+
Kf6 47. Bf3 Rd4 48. h4 Nc4 49. Be2 Nd6 50. Kg2 Ne4 51. g4 Nd6 52. Rc6 Kg7 53. h5
Nf7 54. Rg6+ Kh7 55. Kg3 Nh6 56. Re6 Nf7 57. Bf3 Rd3 58. Re7 Kg8 59. Kg2 Ng5 60.
Bc6 Nf7 61. Be8 Nh6 62. g5 Nf5 63. Rxe5 Nh4+ 64. Kf1 Nf3 65. Ra5 Rd8 66. Ba4
Nd2+ 67. Kg2 Rf8 68. h6 Nf3 69. Bb3+ Kh8 70. Kg3 Nd4 71. Bd1 Nf5+ 72. Rxf5 Rxf5
73. f4 Rd5 74. Bf3 Ra5 75. Kg4 Rc5 76. Be4 Rc4 77. Bf5 Rb4 78. g6 Rb6 79. Kg5
Ra6 80. Be4 Ra5+ 81. f5 Re5 82. Bc6 Rc5 83. Bd7 Re5 84. Be6 {Black resigns} 1-0

[Event "Team 45 45 League T39"]
[Site "Internet Chess Club"]
[Date "2008.11.09"]
[Round "3"]
[White "FriedEggs"]
[Black "chipionero"]
[Result "0-1"]
[WhiteElo "1839"]
[BlackElo "1722"]
[Opening "King's Indian: orthodox, Aronin-Taimanov, 9.Ne1"]
[ECO "E98"]
[Time "15:01:24"]
[TimeControl "2700+45"]

1. d4 Nf6 2. c4 g6 3. Nc3 Bg7 4. e4 d6 5. Nf3 O-O 6. Be2 e5 7. O-O Nc6 8. d5 Ne7
9. Ne1 Nd7 10. Be3 f5 11. f3 f4 12. Bf2 g5 13. a4 Nf6 14. c5 h5 15. cxd6 cxd6
16. a5 Rf7 17. Nb5 g4 18. Bxa7 gxf3 19. Bxf3 Ng4 20. Nc2 Qd7 21. Nca3 Ne3 22.
Bxe3 fxe3 23. b4 Ng6 24. Qb3 Bh6 25. Bxh5 Rg7 26. Bf3 Nf4 27. Kh1 Rg6 28. Qxe3
Nxg2 29. Qb6 Qh3 30. Qd8+ Kh7 31. Qe7+ Rg7 32. Qxg7+ Kxg7 33. Bxg2 Qh4 34. Ra2
Bf4 35. Bf3 Bd7 36. Rg2+ Kf7 37. Nxd6+ Ke7 38. Nf5+ Bxf5 39. exf5 Rh8 40. Rff2
Be3 41. Re2 Qf4 42. Rg3 e4 43. Bg2 Qxg3 {White resigns} 0-1

[Event "Team 45 45 League T39"]
[Site "Internet Chess Club"]
[Date "2008.11.09"]
[Round "3"]
[White "egd01"]
[Black "gtm"]
[Result "0-1"]
[WhiteElo "1539"]
[BlackElo "1666"]
[Opening "French defense"]
[ECO "C00"]
[Time "16:06:36"]
[TimeControl "2700+45"]

1. e4 e6 2. Nc3 d5 3. exd5 exd5 4. d4 c6 5. Nf3 Nf6 6. Bd3 Bd6 7. Bg5 O-O 8. O-O
Bg4 9. h3 Bxf3 10. Qxf3 Nbd7 11. Ne2 Qc7 12. Ng3 Rfe8 13. Nh5 Nxh5 14. Qxh5 g6
15. Qh4 Bf8 16. f4 f6 17. Bxf6 Nxf6 18. Qxf6 Bg7 19. Qg5 Bxd4+ 20. Kh1 Bxb2 21.
Rae1 Qg7 22. f5 Bf6 23. Rxe8+ Rxe8 24. Qd2 gxf5 25. Bxf5 Be5 26. Qb4 Qg3 27.
Be6+ Kg7 28. Rf7+ Kg6 29. Rg7+ Bxg7 {White resigns} 0-1

[Event "Team 45 45 League T39"]
[Site "Internet Chess Club"]
[Date "2008.11.09"]
[Round "3"]
[White "aww-rats"]
[Black "alexdb"]
[Result "1/2-1/2"]
[WhiteElo "2012"]
[BlackElo "1984"]
[Opening "Queen's pawn game"]
[ECO "A32"]
[Time "14:21:42"]
[TimeControl "2700+45"]

1. d4 Nf6 2. c4 e6 3. Nf3 c5 4. Nc3 cxd4 5. Nxd4 a6 6. g3 Qc7 7. Qd3 Nc6 8. Nxc6
Qxc6 9. e4 b6 10. Bg2 Bb7 11. O-O Rc8 12. Be3 Be7 13. f3 O-O 14. e5 Ng4 15. Bd4
Bc5 16. Rfe1 d6 17. exd6 e5 18. Nd5 Qxd6 19. Bxc5 Qxc5+ 20. Ne3 Rfd8 21. Qe2 Nf6
22. Rad1 Rd4 23. Kh1 Rcd8 24. Nf5 R4d7 25. Rxd7 Rxd7 26. Rd1 g6 27. Rxd7 Nxd7
28. Ne3 Nf6 29. Qd3 Qd4 30. Qxd4 exd4 31. Nc2 d3 32. Ne3 Kf8 33. Kg1 Ke7 34. Kf2
Kd6 35. Bf1 d2 36. Ke2 Kc5 37. Bg2 Nd7 38. Kxd2 Ne5 39. Kc3 Bxf3 40. b4+ Kc6 41.
Kd4 {Game drawn by mutual agreement} 1/2-1/2

[Event "Team 45 45 League T39"]
[Site "Internet Chess Club"]
[Date "2008.11.12"]
[Round "3"]
[White "Flying-Tiger"]
[Black "fledermaus"]
[Result "0-1"]
[WhiteElo "1881"]
[BlackElo "2015"]
[Opening "Sicilian: O'Kelly variation"]
[ECO "B28"]
[Time "18:00:49"]
[TimeControl "2700+45"]

1. e4 c5 2. Nf3 a6 3. d4 cxd4 4. Nxd4 Nf6 5. Nc3 e5 6. Nf3 Bb4 7. Bd2 d6 8. Bc4
O-O 9. Qe2 Nc6 10. h3 Re8 11. O-O-O Nd4 12. Bxf7+ Kxf7 13. Qc4+ d5 14. Qxb4 Nc6
15. Qb3 Na5 16. Qb4 Nc6 17. Qc5 d4 18. Ng5+ Kg6 19. Nd5 h6 20. Nxf6 Qxf6 21. Nf3
b6 22. Qa3 Be6 23. g4 Rf8 24. Qd6 Rac8 25. g5 Qxf3 26. Qxe6+ Kh7 27. gxh6 g6 28.
Rhg1 Qf6 29. Qg4 Ne7 30. Bg5 Qc6 31. Rd2 Rc7 32. Bxe7 Rxe7 33. h4 Qe6 34. Qg5
Rf6 35. f4 exf4 36. Rxd4 f3 37. Rf1 f2 38. Kb1 Qe5 39. c3 Qe6 40. Qg2 Ref7 41.
Rd2 Kxh6 42. Rdxf2 Rxf2 43. Rxf2 Rxf2 44. Qxf2 Qxe4+ 45. Kc1 b5 46. b3 Kh5 47.
Kd1 Qb1+ 48. Ke2 Qxa2+ 49. Kf3 Qxf2+ 50. Kxf2 Kxh4 51. c4 Kg4 52. c5 Kf5 53. b4
Ke5 54. Kf3 Kd5 55. Kg4 a5 56. bxa5 Kxc5 57. Kg5 b4 58. Kxg6 b3 {White resigns}
0-1

[Event "Team 45 45 League T39"]
[Site "Internet Chess Club"]
[Date "2008.11.09"]
[Round "3"]
[White "jonesey"]
[Black "Wheels"]
[Result "1-0"]
[WhiteElo "1998"]
[BlackElo "1933"]
[Opening "English: symmetrical, Botvinnik system"]
[ECO "B20"]
[Time "10:34:23"]
[TimeControl "2700+45"]

1. e4 c5 2. c4 Nc6 3. Nc3 g6 4. g3 Bg7 5. Bg2 d6 6. Nge2 Nf6 7. d3 a6 8. Rb1 Rb8
9. a3 b5 10. cxb5 axb5 11. b4 cxb4 12. axb4 Qc7 13. d4 O-O 14. O-O Bg4 15. f3
Bd7 16. Be3 Rfc8 17. Qd3 Nd8 18. Rfc1 Qb6 19. e5 Bf5 20. Qd2 Bxb1 21. exf6 Bxf6
22. Nd5 Rxc1+ 23. Qxc1 Qc6 24. Nxf6+ exf6 25. Qxb1 Qc4 26. Nf4 Nc6 27. Bf1 Qxb4
28. Qe4 Na5 29. Nd5 Qb3 30. Nxf6+ Kg7 31. d5 Rc8 32. Bd4 Rc1 33. Nh5+ {Black
resigns} 1-0

[Event "Team 45 45 League T39"]
[Site "Internet Chess Club"]
[Date "2008.11.07"]
[Round "3"]
[White "Philly-Boy"]
[Black "Qui"]
[Result "0-1"]
[WhiteElo "1849"]
[BlackElo "1952"]
[Opening "QGD Slav/Grünfeld: Schlechter variation"]
[ECO "D15"]
[Time "14:00:10"]
[TimeControl "2700+45"]

1. d4 d5 2. c4 c6 3. Nf3 Nf6 4. Nc3 g6 5. e3 Bg7 6. Qc2 O-O 7. Bd3 dxc4 8. Bxc4
b5 9. Bd3 Bb7 10. O-O Nbd7 11. e4 e5 12. Nxe5 Nxe5 13. dxe5 Ng4 14. f4 Qd4+ 15.
Kh1 Rad8 16. Rf3 b4 17. h3 Nf2+ 18. Rxf2 Qxd3 19. Na4 Qg3 20. b3 g5 21. Bb2 g4
22. hxg4 Qxg4 23. Nc5 Bc8 24. f5 Bh6 25. Re1 Qh4+ 26. Kg1 Rd2 27. Rxd2 Qxe1+ 28.
Kh2 {White resigns} 0-1

[Event "Team 45 45 League T39"]
[Site "Internet Chess Club"]
[Date "2008.11.08"]
[Round "3"]
[White "baris"]
[Black "frothyjowels"]
[Result "1/2-1/2"]
[WhiteElo "2129"]
[BlackElo "2200"]
[Opening "KP: Nimzovich defense"]
[ECO "B00"]
[Time "08:00:23"]
[TimeControl "2700+45"]

1. e4 Nc6 2. Nc3 Nf6 3. g3 d6 4. Bg2 e5 5. Nge2 Be7 6. O-O Be6 7. d4 exd4 8.
Nxd4 Nxd4 9. Qxd4 O-O 10. f4 c6 11. h3 {Game drawn by mutual agreement} 1/2-1/2

[Event "Team 45 45 League T39"]
[Site "Internet Chess Club"]
[Date "2008.11.09"]
[Round "3"]
[White "kinghunter08"]
[Black "taulanipov"]
[Result "0-1"]
[WhiteElo "2083"]
[BlackElo "2099"]
[Opening "Queen's pawn: London system"]
[ECO "A45"]
[Time "09:00:08"]
[TimeControl "2700+45"]

1. d4 Nf6 2. Bf4 e6 3. e3 b6 4. Nf3 Bb7 5. Bd3 g6 6. O-O Bg7 7. h3 O-O 8. c4 d6
9. Nc3 Nbd7 10. Be2 Re8 11. Rc1 a6 12. b4 e5 13. Bh2 a5 14. a3 axb4 15. axb4 Qe7
16. Re1 c6 17. Qc2 e4 18. Nd2 d5 19. c5 bxc5 20. bxc5 Ba6 21. Ra1 Bxe2 22. Nxe2
Nf8 23. Qb2 Nh5 24. Rxa8 Rxa8 25. Ra1 Rxa1+ 26. Qxa1 Qxc5 27. dxc5 Bxa1 28. Nb3
Bg7 29. Na5 Ne6 30. Bd6 Bf8 31. Nxc6 Nxc5 32. Bxc5 Bxc5 33. Nc3 Nf6 34. Kf1 Kf8
35. Ke2 Ke8 36. Na5 Bb4 {White resigns} 0-1

[Event "Team 45 45 League T39"]
[Site "Internet Chess Club"]
[Date "2008.11.07"]
[Round "3"]
[White "alo"]
[Black "political"]
[Result "1/2-1/2"]
[WhiteElo "1855"]
[BlackElo "1801"]
[Opening "Two knights defense"]
[ECO "C56"]
[Time "18:01:05"]
[TimeControl "2700+45"]

1. e4 e5 2. Nf3 Nc6 3. d4 exd4 4. Bc4 Nf6 5. O-O Nxe4 6. Re1 d5 7. Bxd5 Qxd5 8.
Nc3 Qh5 9. Nxe4 Be6 10. Bg5 Bb4 11. Bf6 O-O 12. c3 dxc3 {Game drawn by mutual
agreement} 1/2-1/2